AoeStats
← Milaad

Nomad

508125821Analyzed
4v4 RM · 12d ago on Sep 21, 2026· 29m 4s· 8 players
Game mode
Random Map
Map size
231×231
Population
200
Speed
Normal
Resources
Standard
Victory
Conquest
Starting age
Dark Age
Ending age
Imperial Age
RankedLock teamsTeams togetherTeam positionsShared explorationLock speedFull tech treeHidden civsTurbo modeCheats
Victory
Defeat
🇺🇸 Malay · United States
1073
+14
🇺🇸 Hindustanis · United States
1066
+14
🇺🇸 Khmer · United States
1034
+16
🇺🇸 Goths · United States
982
+19
🇨🇳 Hindustanis · China
1056
-17
🇵🇪 Vietnamese · Peru
1030
-16
🇺🇸 Japanese · United States
1014
-15
🇯🇵 Dravidians · Japan
1004
-15
scott.hurstell
6:48 Loom
16:31 Feudal Age
19:29 Fishing Lines
19:39 Double-Bit Axe
22:43 Castle Age
22:10 Stone Mining
22:11 Gold Mining
22:36 Forging
22:26 Scale Mail Armor
22:12 Arson
24:55 Bow Saw
25:21 Gold Shaft Mining
25:26 Iron Casting
25:07 Chain Mail Armor
24:54 Squires
lesserpanda1300
5:16 Loom
15:39 Feudal Age
Jc
Otto der Große
Streetlamp Le Moose
4:59 Loom
12:49 Feudal Age
13:28 Double-Bit Axe
19:40 Castle Age
18:22 Bloodlines
19:08 Forging
19:04 Scale Barding Armor
18:53 Gold Mining
19:47 Horse Collar
21:34 Wheelbarrow
20:54 Light Cavalry
22:49 Hand Cart
22:54 Husbandry
25:36 Town Watch
26:44 Heavy Plow
26:56 Bow Saw
27:28 Iron Casting
27:14 Chain Barding Armor
rashbalash
4:12 Loom
15:49 Feudal Age
18:30 Wheelbarrow
17:43 Town Watch
18:31 Double-Bit Axe
18:43 Gold Mining
22:50 Castle Age
21:52 Scale Mail Armor
23:46 Squires
23:42 Horse Collar
26:06 Pikeman
28:08 Forging
28:15 Man-at-Arms
28:51 Long Swordsman
ScoobaDoobaDoo
4:31 Loom
15:11 Feudal Age
16:42 Wheelbarrow
19:54 Castle Age
18:15 Horse Collar
18:23 Double-Bit Axe
20:03 Wheelbarrow
20:55 Scale Barding Armor
21:24 Heavy Plow
23:48 Husbandry
24:19 Forging
25:49 Gold Mining
29:12 Tusk Swords
Milaad
5:18 Loom
17:49 Feudal Age
18:24 Wheelbarrow
18:04 Double-Bit Axe
18:15 Gold Mining
19:21 Stone Mining
23:08 Castle Age
22:55 Horse Collar
23:05 Light Cavalry
28:09 Scale Barding Armor
28:15 Forging
Connection lost

Rejoining the realm…

Still unreachable

The connection could not be restored.

Session expired

The server has moved on; the page needs a fresh start.